 Dungeon Crawl Stone Soup version 0.16-a0-4099-g0be755f (console) character file.

181 mauris the Grasshopper (level 5, 0/35 HPs)
             Began as a Human Wizard on Feb 25, 2015.
             Was an Initiate of Sif Muna.
             Succumbed to poison (a potion of poison)
             ... on level 4 of the Dungeon.
             The game lasted 00:06:44 (4622 turns).

mauris the Grasshopper (Human Wizard)               Turns: 4622, Time: 00:06:44

Health: 0/35       AC:  2    Str:  8    XL:     5   Next: 92%
Magic:  1/11       EV: 14    Int: 24    God:    Sif Muna [......]
Gold:   169        SH:  0    Dex: 11    Spells: 4 memorised, 2 levels left

rFire  . . .     SeeInvis .     q - +1 dagger (venom)
rCold  . . .     Clarity  +     a - +0 robe
rNeg   . . .     SustAb   .     (no shield)
rPois  .         Gourm    .     b - +0 hat
rElec  .         Spirit   .     (no cloak)
rCorr  .         Warding  .     (no gloves)
rMut   .         Stasis   .     (no boots)
MR     .....                    (no amulet)
Stlth  ++........               (no ring)
                                (no ring)

@: brilliant, lethally poisoned (0 -> -9), very slightly contaminated,
invisible, not resistant to hostile enchantments, unstealthy
A: fangs 1, repulsion field 1, clarity
a: Renounce Religion


You were on level 4 of the Dungeon.
You worshipped Sif Muna.
Sif Muna was noncommittal.
You were not hungry.

You visited 1 branch of the dungeon, and saw 4 of its levels.

You collected 169 gold pieces.

Inventory:

Hand weapons
 q - a +1 dagger of venom (weapon)
Armour
 a - a +0 robe (worn)
 b - a +0 hat (worn)
Scrolls
 g - 2 scrolls of amnesia {unknown}
 h - 2 scrolls of identify {unknown}
 i - 2 scrolls of magic mapping {unknown}
 m - 2 scrolls of remove curse {unknown}
 p - 3 scrolls of enchant armour {unknown}
 r - a scroll of enchant weapon {unknown}
Potions
 e - a potion of curing {unknown}
 f - a potion of heal wounds {unknown}
 j - a potion of restore abilities {unknown}
 k - a potion of poison {!q}
 o - a potion of invisibility
Books
 c - a book of Minor Magic

   Spells                             Type                      Level
   a - Magic Dart                     Conjuration                  1
   b - Blink                          Translocation                2
   c - Call Imp                       Summoning                    2
   d - Repel Missiles                 Charms/Air                   2
   e - Slow                           Hexes                        2
   f - Conjure Flame                  Conjuration/Fire             3
   g - Mephitic Cloud                 Conjuration/Poison/Air       3
Comestibles
 d - 2 bread rations
 s - a chunk of flesh


   Skills:
 - Level 2.0 Dodging
 - Level 2.0 Stealth
 - Level 3.0 Spellcasting
 + Level 2.6 Conjurations
 + Level 0.6 Charms
   Level 1.0 Summonings
 - Level 4.2 Translocations
 + Level 1.0 Fire Magic
 + Level 0.4 Air Magic


You had 2 spell levels left.
You knew the following spells:

 Your Spells              Type           Power        Failure   Level  Hunger
a - Magic Dart            Conj           ####         1%          1    None
b - Conjure Flame         Conj/Fire      ####....     2%          3    ###....
r - Repel Missiles        Chrm/Air       ###...       1%          2    ##.....
B - Blink                 Tloc           N/A          1%          2    ##.....


Dungeon Overview and Level Annotations

Branches:
Dungeon (4/15)
 Temple: D:4-7

Altars:
Ashenzari
Elyvilon
Gozag
Ru
Sif Muna
Yredelemnul


Innate Abilities, Weirdness & Mutations

You have very sharp teeth.
You are surrounded by a mild repulsion field (EV +2).
You possess an exceptional clarity of mind.


Message History

You feel sick. The phantom misses you.
Huge Dmg: -3%(-1hp) hp: 9%(3hp) Drink which item? (? for menu, Esc to quit)
It was a potion of invisibility.
You fade into invisibility!
* * * LOW HITPOINT WARNING * * *
You feel sick. The phantom closely misses you.
Huge Dmg: -3%(-1hp) hp: 6%(2hp) Unknown command.
Drink which item? (? for menu, Esc to quit)
It was a potion of mutation.
You feel extremely strange.
Your teeth lengthen and sharpen.
You begin to radiate repulsive energy.
Your thoughts seem clearer.
* * * LOW HITPOINT WARNING * * *
You feel sick. The phantom misses you.
Huge Dmg: -3%(-1hp) hp: 3%(1hp) Drink which item? (? for menu, Esc to quit)
It was a potion of brilliance.
You feel clever all of a sudden.
You die...

#.####
##....##
##......##
.#........##
#...........#
#.........<.#
#........##
##...W..##
##..@.##
######


You could see a phantom.

Vanquished Creatures
  An orc priest (D:3)
  Jessica (D:2)
  4 adders
  A giant mite (D:2)
  2 worms
  4 giant geckos (D:2)
  2 orcs
  3 ball pythons
  3 giant cockroaches
  6 goblins
  6 hobgoblins
  4 jackals
  13 kobolds
  2 oozes
  A quokka (D:3)
  11 bats
  5 giant newts
  6 rats
75 creatures vanquished.

Notes
Turn   | Place    | Note
--------------------------------------------------------------
     0 | D:1      | mauris, the Human Wizard, began the quest for the Orb.
     0 | D:1      | Reached XP level 1. HP: 13/13 MP: 4/4
   297 | D:1      | Reached XP level 2. HP: 19/19 MP: 4/6
   305 | D:1      | Learned a level 2 spell: Blink
  1111 | D:1      | Reached XP level 3. HP: 12/24 MP: 0/7
  1578 | D:1      | Learned a level 2 spell: Repel Missiles
  1582 | D:1      | Learned a level 3 spell: Conjure Flame
  1916 | D:1      | Huge Dmg: 3 Dmg
  1926 | D:1      | Reached XP level 4. HP: 11/30 MP: 0/9
  2270 | D:2      | Found a deep blue altar of Sif Muna.
  2270 | D:2      | Found a sacrificial altar of Ru.
  2439 | D:2      | Became a worshipper of Sif Muna the Loreminder
  2456 | D:2      | Noticed Jessica
  2462 | D:2      | Killed Jessica
  2824 | D:2      | Found a basalt altar of Yredelemnul.
  2834 | D:2      | Found a shattered altar of Ashenzari.
  2838 | D:2      | Found a white marble altar of Elyvilon.
  3058 | D:3      | Huge Dmg: 17 Dmg
  3059 | D:3      | Reached skill level 4 in Translocations
  3059 | D:3      | Reached XP level 5. HP: 15/35 MP: 3/11
  3243 | D:2      | Huge Dmg: 7 Dmg
  4417 | D:3      | Found an opulent altar of Gozag.
  4521 | D:3      | Reached skill level 1 in Fire Magic
  4591 | D:4      | Noticed a phantom
  4611 | D:4      | Huge Dmg: 7 Dmg
  4612 | D:4      | Huge Dmg: 7 Dmg
  4614 | D:4      | Huge Dmg: 7 Dmg
  4620 | D:4      | Huge Dmg: 1 Dmg
  4621 | D:4      | Huge Dmg: 1 Dmg
  4621 | D:4      | Gained mutation: You have very sharp teeth. [potion of mutation]
  4621 | D:4      | Gained mutation: You are surrounded by a mild repulsion field (EV +2). [potion of mutation]
  4621 | D:4      | Gained mutation: You possess an exceptional clarity of mind. [potion of mutation]
  4621 | D:4      | HP: 1/35 [poison (a potion of poison)]
  4622 | D:4      | Huge Dmg: 1 Dmg
  4622 | D:4      | Succumbed to poison (a potion of poison)

Action                   |  1- 3 |  4- 6 || total
-------------------------+-------+-------++-------
Melee: Unarmed           |    29 |     7 ||    36
       Dagger            |       |     7 ||     7
 Cast: Magic Dart        |    86 |   148 ||   234
  Use: Potion            |       |     4 ||     4
  Eat: Chunk             |     3 |     8 ||    11

Vault maps used:
D:1:      dpeg_arrival_houses_and_road, serial_glass, glass_columns_a,
          glass_columns_b, glass_columns_c, glass_columns_a
D:2:      minmay_overflow_temple_star_quad, minitemple, uniq_jessica
D:3:      nicolae_gozag_cash_rules_everything_around_me
